 Dungeon Crawl Stone Soup version 0.30-a0-347-gf58ed5266c (webtiles) character file.

Game seed: 6756914122741590422

1711 Lobster4 the Trooper (level 9, -2/79 HPs)
             Began as a Hill Orc Hunter on Nov 6, 2022.
             Slain by a wyvern (7 damage)
             ... on level 6 of the Dungeon.
             The game lasted 00:20:41 (7455 turns).

Lobster4 the Trooper (Hill Orc Hunter)              Turns: 7455, Time: 00:20:42

Health: -2/79      AC: 16    Str: 14    XL:     9   Next: 4%
Magic:  19/19      EV: 11    Int:  9    God:
Gold:   103        SH:  0    Dex: 18    Spells: 8/10 levels left

rFire   . . .      SeeInvis .    b - +1 mace (protect)
rCold   + . .      Faith    .    (no shield)
rNeg    . . .      Spirit   .    E - +0 ring mail
rPois   .          Reflect  .    i - +1 helmet
rElec   .          Harm     .    (no cloak)
rCorr   +          Rampage  .    (no gloves)
Will    .....                    G - +0 pair of boots of Qaijis {rC+ MP+9}
Stlth   +.........               (no amulet)
HPRegen 0.33/turn                v - ring of resist corrosion
MPRegen 0.16/turn                (no ring)

@: under a protective aura
A: no striking features
a: no special abilities


You were on level 6 of the Dungeon.
You visited 1 branch of the dungeon, and saw 7 of its levels.
You also visited: Sewer.

You collected 264 gold pieces.
You spent 161 gold pieces at shops.

Inventory:

Hand Weapons
 a - a +1 shortbow
 b - a +1 mace of protection (weapon)
 f - a +0 dagger
 B - a +0 rapier
 D - a +0 vorpal mace
Missiles
 w - a curare-tipped dart
 x - a throwing net
 C - 3 boomerangs
 F - 16 poisoned darts
Armour
 i - a +1 helmet (worn)
 E - a +0 ring mail (worn)
 G - the +0 pair of boots of Qaijis (worn) {rC+ MP+9}
   (You bought it in a shop on level 2 of the Dungeon)

   rC:        It protects you from cold.
   MP:        It affects your magic capacity (+9).
Magical Staves
 p - a staff of poison
Jewellery
 v - a ring of resist corrosion (left hand)
 z - a ring of see invisible
Wands
 c - a wand of light (9)
Scrolls
 e - 3 scrolls of immolation
 q - 5 scrolls of fear
 y - a scroll of teleportation
 A - 2 scrolls of enchant armour
Potions
 d - 4 potions of haste
 k - a potion of heal wounds
 l - 4 potions of curing
 m - a potion of flight
 n - 2 potions of invisibility
 o - 3 potions of degeneration {unknown}
 s - 2 potions of might
 t - a potion of magic {unknown}
 u - a potion of ambrosia {unknown}
 H - a potion of lignification


   Skills:
 + Level 7.4 Fighting
 - Level 2.0 Short Blades
 - Level 2.0 Maces & Flails
 + Level 6.6 Ranged Weapons
 + Level 0.5 Throwing
 - Level 6.0 Armour
 - Level 2.0 Dodging
 - Level 1.0 Stealth
 + Level 1.2 Spellcasting
 + Level 1.1 Transmutations
 + Level 0.7 Evocations


You had 8 spell levels left.
You knew the following spells:

 Your Spells              Type           Power      Damage    Failure   Level
a - Wereblood             Tmut           2%         N/A       54%         2

Your spell library contained the following spells:

 Spells                   Type           Power      Damage    Failure   Level
 Beastly Appendage        Tmut           4%         N/A       41%         1
 Magic Dart               Conj           0%         1d3       56%         1
 Searing Ray              Conj           0%         2d4       71%         2
 Spider Form              Tmut/Pois      1%         N/A       85%         3
 Ignite Poison            Fire/Tmut/Pois 1%         N/A       86%         3
 Portal Projectile        Hex/Tloc       0%         N/A       90%         3
 Tukima's Dance           Hex            0%         N/A       90%         3
 Fulminant Prism          Conj/Hex       0%         3d5       100%        4
 Sticky Flame             Conj/Fire      0%         2d3       100%        4
 Blade Hands              Tmut           1%         N/A       100%        5
 Ignition                 Fire           0%         3d3       100%        8


Dungeon Overview and Level Annotations

Branches:
Dungeon (7/15)              Sewer (visited)
 Temple: D:4-7

Altars:
Ashenzari
The Shining One

Shops:
D:1 (   D:2 [


Message History

Your weapon exudes an aura of protection.
The wyvern is heavily wounded.
The wyvern bites you but does no damage.
The wyvern bites you.
You hit the wyvern but do no damage.
The wyvern is heavily wounded.
The wyvern bites you. The wyvern closely misses you.
You hit the wyvern.
The wyvern is heavily wounded.
The wyvern bites you but does no damage.
The wyvern closely misses you.
You closely miss the wyvern.
The wyvern is heavily wounded.
The wyvern bites you but does no damage.
The wyvern closely misses you.
You thump the wyvern!
The wyvern is almost dead.
The wyvern closely misses you. The wyvern bites you.
You hit the wyvern but do no damage.
The wyvern is almost dead.
The wyvern bites you but does no damage. x2
You hit the wyvern.
The wyvern is almost dead.
The wyvern bites you but does no damage.
The wyvern bites you.
* * * LOW HITPOINT WARNING * * *
You hit the wyvern but do no damage.
The wyvern is almost dead.
The wyvern barely misses you. The wyvern bites you.
* * * LOW HITPOINT WARNING * * *
You hit the wyvern but do no damage.
The wyvern is almost dead.
The wyvern bites you.
* * * LOW HITPOINT WARNING * * *
The wyvern bites you!
* * * LOW HITPOINT WARNING * * *
You hit the wyvern.
The wyvern is almost dead.
The wyvern barely misses you. The wyvern bites you!
You die...

#.########
##...#.......#.#.##.#. #.######
##.########.#....#.#. #......#
#.# #........#. ######.# #.#
###....###. #.# ##'## #.##.###.
#.# ##...## #........ ###.#
##.....## #####.#### ##.#.#
##.....l.## ##.###.#
##....###......@..####...##.####
#.......'.........'.............
##).).###.........####...##.####
##.#.# ##.......## ##.###.#
###.#####.....## ###...# #.....#
##...## #.### #.#.#.# ##'## #.#
##...#.# #.# #.# ##...##.# #.#
#.#


You could see a wyvern.

Vanquished Creatures
  A shadow (D:5)
  2 water moccasins (D:6)
  2 kobold brigands (D:6)
  3 necrophages
  2 bullfrogs (D:6)
  3 scorpions
  2 hounds
  3 jellies
  A gnoll bouda (D:6)
  An orc priest (D:4)
  5 iguanas
  6 gnolls (D:6)
  16 adders
  2 river rats (Sewer)
  A shadow imp (D:6)
  3 ufetubi
  3 worms
  A dart slug (D:3)
  13 orcs
  11 ball pythons
  6 endoplasms
  9 goblins
  12 hobgoblins
  4 jackals (D:2)
  5 quokkas
  7 bats
  2 frilled lizards
  13 kobolds
  An orc skeleton (D:7)
  12 rats
152 creatures vanquished.

Notes
Turn   | Place    | Note
-------+----------+-------------------------------------------
     0 | D:1      | Lobster4 the Hill Orc Hunter began the quest for the Orb.
     0 | D:1      | Reached XP level 1. HP: 18/18 MP: 1/1
    90 | D:1      | Found Efrewun's Weapon Shoppe.
   137 | D:1      | Found a faded altar of an unknown god.
   156 | D:1      | Reached skill level 1 in Stealth
   173 | D:1      | Reached XP level 2. HP: 25/25 MP: 2/2
   439 | D:1      | Reached skill level 1 in Armour
   746 | D:2      | Reached XP level 3. HP: 25/30 MP: 3/3
   813 | D:2      | Reached skill level 3 in Fighting
   994 | D:2      | Reached XP level 4. HP: 38/38 MP: 4/4
  1018 | D:2      | Found Ytryqiob's Antique Armour Shop.
  1446 | D:2      | Found a broken altar of Ashenzari.
  2199 | D:3      | Reached XP level 5. HP: 46/46 MP: 5/5
  2323 | D:3      | Found a glowing drain.
  2330 | Sewer    | Entered a sewer
  2342 | Sewer    | Reached skill level 4 in Fighting
  3587 | D:4      | Reached XP level 6. HP: 45/53 MP: 6/6
  4215 | D:5      | Entered Level 5 of the Dungeon
  4339 | D:4      | Reached skill level 5 in Fighting
  4339 | D:4      | Reached skill level 5 in Ranged Weapons
  4445 | D:5      | Reached XP level 7. HP: 56/61 MP: 7/7
  4489 | D:5      | Noticed a shadow
  4756 | D:5      | Killed a shadow
  4757 | D:5      | Reached skill level 6 in Fighting
  4878 | D:5      | Reached skill level 5 in Armour
  4916 | D:5      | Reached skill level 1 in Short Blades
  4916 | D:5      | Reached skill level 1 in Maces & Flails
  4916 | D:5      | Reached XP level 8. HP: 56/70 MP: 8/8
  6052 | D:6      | Reached skill level 7 in Fighting
  6508 | D:2      | Bought a pair of spiked boots for 161 gold pieces
  6508 | D:2      | Identified the +0 pair of boots of Qaijis {rC+ MP+9} (You
                  | bought it in a shop on level 2 of the Dungeon)
  6516 | D:2      | Learned a level 2 spell: Wereblood
  6940 | D:6      | Reached skill level 1 in Spellcasting
  7281 | D:6      | Reached skill level 1 in Transmutations
  7293 | D:6      | Reached XP level 9. HP: 48/79 MP: 10/10
  7435 | D:7      | Found a glowing golden altar of the Shining One.
  7455 | D:6      | Slain by a wyvern

Illustrated notes

Levels and vault maps discovered:
D:1:      psy_arrival_conway, layout_loops_ring, serial_shops,
          nicolae_shop_bloodbath_and_beyond, ebering_ecumenical_altar_hall
D:2:      layout_basic, serial_shops, nicolae_shop_advertising_works
          [nicolae_subvault_shop_adworks], basic_altar, serial_aquarium,
          aquarium_bridge_long_separate [aquarium_subvault_bridge,
          aquarium_subvault_wall, aquarium_subvault_window,
          aquarium_subvault_bridge, aquarium_subvault_wall,
          aquarium_subvault_window], aquarium_window_1, aquarium_window_fake,
          aquarium_window_corner, aquarium_view_2d, eino_curves_03
D:3:      layout_loops_cross, cheibrodos_sewer_entry_bend
D:4:      layout_basic, serial_park_tiny_pond
D:5:      layout_cave_pools
D:6:      layout_loops_corners, chequers_serial_rivers_micro_c
D:7:      cheibrodos_wizards_tower, layout_cave_pools,
          nicolae_tso_besieged_by_evil, grunt_nemelex_the_gamble,
          minmay_temple_entry_antechambers, glass_columns_a

Skill      XL: |  1  2  3  4  5  6  7  8 |
---------------+-------------------------+-----
Stealth        | 1 |  1.0
Armour         | 1 2 3 4 5 6 |  6.0
Fighting       | 3 4 5 6 7 |  7.4
Dodging        | 2 |  2.0
Ranged Weapons | 4 5 6 |  6.6
Short Blades   | 1 2 |  2.0
Maces & Flails | 1 2 |  2.0
Spellcasting   | 1 |  1.2
Transmutations | 1 |  1.1
Throwing       | |  0.5
Evocations     | |  0.7

Action                   |  1- 3 |  4- 6 |  7- 9 || total
-------------------------+-------+-------+-------++-------
Melee: Mace              |       |       |    17 ||    17
 Fire: Shortbow          |    98 |   281 |   238 ||   617
  Use: Scroll            |       |    13 |     3 ||    16
       Potion            |       |       |     1 ||     1
Armor: Leather armour    |    17 |    39 |       ||    56
       Ring mail         |       |    16 |    66 ||    82
Dodge: Dodged            |    37 |   125 |   118 ||   280

Table legend: (Time is in decaauts)
 A = Elapsed time spent in this place.
 B = Non-inter-level travel time spent in this place.
 C = Inter-level travel time spent in this place.
 D = Time resting spent in this place.
 E = Time spent auto-exploring this place.
 F = Levels seen in this place.
 G = Mean time per level.
                   A        B        C        D        E       F      G
               +--------+--------+--------+--------+--------+-----+--------+
         Total |   7707 |   7009 |    698 |   1476 |   4076 |   8 |  963.4 |
       Dungeon |   7282 |   6584 |    698 |   1402 |   3831 |   7 | 1040.3 |
         Sewer |    424 |    424 |      0 |     74 |    245 |   1 |  424.0 |
               +--------+--------+--------+--------+--------+-----+--------+

Top non-repeatable levels by time:
     D:6: 2090 daAuts
     D:2: 1457 daAuts
     D:4: 1437 daAuts
     D:3: 797 daAuts
     D:1: 731 daAuts
     D:5: 723 daAuts
   Sewer: 424 daAuts
     D:7: 45 daAuts
